[Event "Late-Titled-Tuesday-Blitz-October-24-2023"]
[Site "Chess.com"]
[Date "2023.10.24"]
[Round "10"]
[White "Hirna2005"]
[Black "Bala-Afiada"]
[Result "1-0"]
[WhiteElo "2307"]
[BlackElo "1860"]
[TimeControl "180+1"]
[EndTime "15:54:50 PDT"]
[Termination "Hirna2005 won by resignation"]

1. e4 c5 2. c3 Nf6 3. e5 Nd5 4.
Nf3 d6 5. Bc4 dxe5 6. Nxe5 Nc6 7.
Nxf7 Kxf7 8. Qf3+ Ke8 9. Bxd5 e6 10. Bxc6+ bxc6 11. Qxc6+ Bd7 12. Qf3 Be7 13. O-O Rf8 14. Qh5+ g6 15. Qxh7 g5 16. Qg6+ Rf7 17. d4 Qb6 18.
dxc5 Qxc5 19. Be3 Qb5 20. b3 Kf8 21. Nd2 Rg7 22. Qe4 Bc6 23. Qxe6 Rd8 24. c4 Qb7 25. f3 Rd6 26. Qe5 Qd7 27. Ne4 Re6 28. Qb8+ Bd8 29. Nc5 Qe7 30. Nxe6+ 1-0

[Event "Late-Titled-Tuesday-Blitz-October-24-2023"]
[Site "Chess.com"]
[Date "2023.10.24"]
[Round "10"]
[White "cthulhuuu"]
[Black "carloseduar100"]
[Result "1-0"]
[WhiteElo "2424"]
[BlackElo "2298"]
[TimeControl "180+1"]
[EndTime "15:54:51 PDT"]
[Termination "cthulhuuu won by checkmate"]

1. e4 e6 2. d3 d5 3. Nd2 Nf6 4. Ngf3 Be7 5. g3 c5 6. Bg2 Nc6 7. O-O b5 8. Re1 a5 9. exd5 exd5 10. Ne5 Nxe5 11. Rxe5 Be6 12. Nf3 h6 13. h3 O-O 14.
Re1 a4 15. Ne5 Qc8 16. Kh2 b4 17. d4 c4 18. Be3 Nd7 19. Bf4 c3 20. b3 axb3 21.
axb3 Rxa1 22. Qxa1 Qa8 23. Qxa8 Rxa8 24. Nxd7 Ra2 25. Nc5 Rxc2 26. Nxe6 fxe6 27. Rxe6 Bf6 28.
Be3 Re2 29. Bxd5 c2 30. Rxf6+ Kh7 31. Rc6 h5 32. Rxc2 Rxc2 33. Be4+ g6 34. Bxc2 Kg7 35. Bd2 g5 36. Bxg5 h4 37. Bd2 hxg3+ 38. Kxg3 Kf6 39. h4 Kg7 40. h5 Kh8 41. h6 Kg8 42. Bxb4 Kh8 43. Bg6 Kg8 44. Be7 Kh8 45. d5 Kg8 46. d6 Kh8 47. d7 Kg8 48. d8=Q# 1-0

[Event "Late-Titled-Tuesday-Blitz-October-24-2023"]
[Site "Chess.com"]
[Date "2023.10.24"]
[Round "10"]
[White "santosalberto1987"]
[Black "MajorCoast"]
[Result "1-0"]
[WhiteElo "2409"]
[BlackElo "2249"]
[TimeControl "180+1"]
[EndTime "15:55:09 PDT"]
[Termination "santosalberto1987 won by resignation"]

1. e4 c6 2. c4 g6 3. Nc3 d5 4.
cxd5 Bg7 5. Nf3 Bxc3 6. dxc3 Nf6 7. Bd3 cxd5 8. e5 Ne4 9. Qe2 Nc5 10. Bc2 Bf5 11. Bxf5 gxf5 12. Nd4 e6 13. h4 Nc6 14.
Bg5 Qb6 15. O-O-O Nxd4 16. Rxd4 Rc8 17. Kb1 Ne4 18. Ka1 a5 19. Rhd1 Qc6 20. f3 Nc5 21. g4 a4 22. gxf5 a3 23. b3 Nxb3+ 24. axb3 Qxc3+ 25. Ka2 Qa5 26. fxe6 fxe6 27. Ra4 Qc5 28. Rc1 Qxc1 29. Bxc1 Rxc1 30. Ra8+ 1-0

[Event "Late-Titled-Tuesday-Blitz-October-24-2023"]
[Site "Chess.com"]
[Date "2023.10.24"]
[Round "10"]
[White "Giorno"]
[Black "bylavochka"]
[Result "1-0"]
[WhiteElo "2541"]
[BlackElo "2353"]
[TimeControl "180+1"]
[EndTime "15:55:10 PDT"]
[Termination "Giorno won by resignation"]

1. d4 Nf6 2. g3 g6 3. Bg2 Bg7 4.
e4 O-O 5. Ne2 d6 6. Nbc3 e5 7.
h3 Nc6 8. Be3 exd4 9. Nxd4 Re8 10. O-O Bd7 11. g4 h5 12. g5 Nh7 13. f4 Nf8 14. f5 Nxd4 15. Bxd4 Bxd4+ 16. Qxd4 Qxg5 17. Nd5 Re5 18. Nxc7 Rc8 19. Qxd6 Rxe4 20. fxg6 Bxh3 21. gxf7+ Kg7 22. Rf2 Rg4 23. Ne8+ Kh8 24. Qxf8+ Kh7 25. Qg8+ Qxg8 26.
fxg8=Q+ Rxg8 27. Nf6+ Kh8 28. Nxg8 Rxg8 29. Kh2 Bxg2 30.
Rxg2 Rd8 31. Rf1 1-0

[Event "Late-Titled-Tuesday-Blitz-October-24-2023"]
[Site "Chess.com"]
[Date "2023.10.24"]
[Round "10"]
[White "kinghunter183"]
[Black "talaicito"]
[Result "1-0"]
[WhiteElo "2107"]
[BlackElo "2204"]
[TimeControl "180+1"]
[EndTime "15:55:11 PDT"]
[Termination "kinghunter183 won by resignation"]

1. b3 b6 2. Bb2 Bb7 3. Nf3 e6 4.
c4 d6 5. d4 Nd7 6. Nbd2 Ne7 7.
e4 h6 8. Bd3 g6 9. O-O Bg7 10. Re1 a6 11. Qc2 g5 12. e5 d5 13.
cxd5 Nxd5 14. Ba3 Rc8 15. Ne4 c5 16. Nd6+ Kf8 17. Nxb7 Qe7 18. Nd6 Rc6 19. Bxa6 Rxd6 20. exd6 Qxd6 21. Bb5 g4 22. Bxd7 Qxd7 23. Ne5 Bxe5 24.
Rxe5 Kg7 25. dxc5 bxc5 26. Qxc5 Rc8 27. Qd4 Kh7 28. Qxg4 Rg8 29. Qe4+ Kh8 30. Bb2 f6 31. Rxe6 Rg7 32. Rxf6 Nxf6 33. Bxf6 Kg8 34. Bxg7 Kxg7 35. Re1 1-0

[Event "Late-Titled-Tuesday-Blitz-October-24-2023"]
[Site "Chess.com"]
[Date "2023.10.24"]
[Round "10"]
[White "Grischuk"]
[Black "KNVB"]
[Result "1-0"]
[WhiteElo "2989"]
[BlackElo "2692"]
[TimeControl "180+1"]
[EndTime "15:55:12 PDT"]
[Termination "Grischuk won on time"]

1. d4 Nf6 2. c4 e5 3. dxe5 Ng4 4. e3 Nxe5 5. f4 Nec6 6. Ne2 d6 7. Ng3 Nd7 8. Be2 Nc5 9. O-O a5 10. Nc3 g6 11. b3 Bg7 12. Bb2 O-O 13. Qd2 a4 14. Nd5 axb3 15. Bxg7 Kxg7 16. axb3 Rxa1 17. Rxa1 Ne7 18. Qc3+ f6 19. b4 Nd7 20. Bf3 c6 21. Nxe7 Qxe7 22. Ne4 Rd8 23. Rd1 Nf8 24. h3 Bf5 25. Nf2 Be6 26. g4 Kf7 27. Ne4 d5 28. Nc5 dxc4 29. Rxd8 Qxd8 30. Kf2 b5 31. Bxc6 Qb6 32.
Bf3 Qd6 33. Ne4 Qd8 34. h4 Bc8 35. g5 f5 36. Nf6 Be6 37. Bc6 Qb6 38. Bf3 Qd8 39.
h5 Nd7 40. Nxh7 Qg8 41. Nf6 Qh8 42. hxg6+ Kxg6 43. Bh5+ Kg7 44. Nxd7+ 1-0

[Event "Late-Titled-Tuesday-Blitz-October-24-2023"]
[Site "Chess.com"]
[Date "2023.10.24"]
[Round "10"]
[White "NikolaGry"]
[Black "The_Sherman_Variation"]
[Result "1-0"]
[WhiteElo "2739"]
[BlackElo "2590"]
[TimeControl "180+1"]
[EndTime "15:55:13 PDT"]
[Termination "NikolaGry won by resignation"]

1. d4 e6 2. Nf3 d5 3. c4 Nf6 4. Nc3 dxc4 5. Bg5 Bb4 6. Qa4+ Nc6 7. e3 O-O 8. Bxc4 h6 9. Bh4 Bd7 10. Qc2 Bd6 11. O-O-O a6 12. g4 b5 13. Bb3 Be7 14. Bxf6 Bxf6 15. h4 Nb4 16. Qe2 Be7 17. g5 h5 18. g6 fxg6 19. Ne5 Rf6 20. Ne4 Qe8 21. Rhg1 Nd5 22. Nxf6+ Bxf6 23. Nxg6 c5 24. dxc5 Rc8 25.
Kb1 Rxc5 26. e4 Nb6 27. e5 Bd8 28. Qxh5 Nc4 29. Rxd7 1-0

[Event "Late-Titled-Tuesday-Blitz-October-24-2023"]
[Site "Chess.com"]
[Date "2023.10.24"]
[Round "10"]
[White "NotFischer"]
[Black "Balla_Tamas"]
[Result "0-1"]
[WhiteElo "2246"]
[BlackElo "2342"]
[TimeControl "180+1"]
[EndTime "15:55:13 PDT"]
[Termination "Balla_Tamas won on time"]

1. e4 c5 2. Nf3 Nc6 3. Bb5 Nf6 4. Bxc6 dxc6 5. d3 Nd7 6. O-O e5 7.
b3 Bd6 8. Bb2 O-O 9. Nbd2 Bc7 10. Nc4 f6 11. a4 a5 12. Ba3 Re8 13. Nh4 b6 14. Nf5 Nf8 15. Qg4 Bxf5 16. Qxf5 Ne6 17. Qg4 Nd4 18. Qd1 b5 19. Ne3 b4 20. Bb2 Qd7 21. Bxd4 cxd4 22. Nf5 g6 23. Ng3 Kh8 24.
Qd2 Rg8 25. Qh6 Raf8 26. Ne2 f5 27. exf5 Rxf5 28. Ng3 Rf4 29. Rae1 Rgf8 30. Ne4 Bd8 31. Re2 Qf5 32. Nd6 Qe6 33. Nc4 R8f5 34. Nxe5 Rh4 35.
Nxg6+ Qxg6 36. Qf8+ Rxf8 0-1

[Event "Late-Titled-Tuesday-Blitz-October-24-2023"]
[Site "Chess.com"]
[Date "2023.10.24"]
[Round "10"]
[White "CraiggoryC"]
[Black "giomar27"]
[Result "1-0"]
[WhiteElo "2212"]
[BlackElo "2364"]
[TimeControl "180+1"]
[EndTime "15:55:15 PDT"]
[Termination "CraiggoryC won by resignation"]

1. e4 e5 2. Nf3 Nc6 3. Nc3 Nf6 4. g3 d5 5. exd5 Nxd5 6. Bg2 Nxc3 7. bxc3 Bc5 8. O-O O-O 9. d3 Bg4 10. h3 Bh5 11. g4 Bg6 12. Rb1 Bb6 13. c4 f5 14.
c5 Bxc5 15. Rxb7 Bb6 16. Ng5 Nd4 17. c3 f4 18. cxd4 Qxg5 19. Rxb6 axb6 20. Bxa8 Rxa8 21. dxe5 Qxe5 22. Qf3 Rf8 23. Bd2 Qd4 24. Rc1 c5 25. Qb7 h5 26. Bc3 Rf7 27. Qc8+ Rf8 28. Qxf8+ Kxf8 29. Bxd4 cxd4 30. Rc6 Bxd3 31. Rxb6 hxg4 32. Rd6 gxh3 33.
Rxd4 Bb1 34. Rxf4+ Ke7 35. a4 g5 36. Rb4 Kd6 37.
Rxb1 1-0

[Event "Late-Titled-Tuesday-Blitz-October-24-2023"]
[Site "Chess.com"]
[Date "2023.10.24"]
[Round "10"]
[White "KATPAH"]
[Black "topin8"]
[Result "1-0"]
[WhiteElo "2637"]
[BlackElo "2460"]
[TimeControl "180+1"]
[EndTime "15:55:17 PDT"]
[Termination "KATPAH won on time"]

1. e4 e5 2. d4 exd4 3. c3 d5 4. exd5 Qxd5 5. cxd4 Nf6 6. Nc3 Bb4 7. Nf3 O-O 8. Be2 Ne4 9. Bd2 Bxc3 10. bxc3 Nxd2 11. Qxd2 Nc6 12. O-O Bf5 13. c4 Qd6 14. d5 Ne5 15. Nd4 Bg4 16. h3 Bxe2 17. Qxe2 Rfe8 18.
Rfe1 Qd7 19. Qc2 Ng6 20. Nf5 Rxe1+ 21. Rxe1 Re8 22. Rxe8+ Qxe8 23. Qb2 Qe5 24. Qxe5 Nxe5 25. Ne3 Kf8 26. Kf1 g6 27. Ke2 Ke7 28. f4 Nd7 29.
Kd3 Kd6 30. Kd4 c6 31. Ng4 cxd5 32. cxd5 f6 33. Ne3 Nb6 34. g4 h6 35. h4 a5 36.
h5 gxh5 37. gxh5 Kd7 38. Nf5 Nc8 39. Nxh6 Nd6 40. Ng4 f5 41. Ne5+ Ke7 42. Kc5 Ne4+ 43. Kb6 Kd6 44. Kxb7 Kxd5 45. Kb6 Nf6 46. h6 a4 47. Kb5 a3 48. Kb4 Ke4 49. Ng6 Nd5+ 50. Kxa3 Nf6 51. Kb4 1-0

[Event "Late-Titled-Tuesday-Blitz-October-24-2023"]
[Site "Chess.com"]
[Date "2023.10.24"]
[Round "10"]
[White "vladislavkovalev"]
[Black "shimastream"]
[Result "0-1"]
[WhiteElo "2879"]
[BlackElo "2981"]
[TimeControl "180+1"]
[EndTime "15:55:19 PDT"]
[Termination "shimastream won on time"]

1. e4 e5 2. Nf3 Nc6 3. Bb5 a6 4. Ba4 Nf6 5. O-O b5 6. Bb3 Bc5 7. a4 Rb8 8. c3 d6 9. d4 Bb6 10. a5 Ba7 11. h3 Bb7 12. Be3 Ra8 13. Re1 O-O 14. Nbd2 h6 15. Bc2 Re8 16. dxe5 Nxe5 17. Bxa7 Rxa7 18. Nxe5 dxe5 19. b4 c5 20. Nb3 cxb4 21.
Qxd8 Rxd8 22. cxb4 Rc8 23. Rac1 Rc4 24. Nc5 Rxb4 25.
Bb3 Bxe4 26. f3 Bg6 27. Rxe5 Rc7 28. Rc3 Kh7 29. Rce3 Rc6 30. Kh2 h5 31. g4 hxg4 32. hxg4 Rxg4 33. Re2 Rh4+ 34. Kg3 Rh5 0-1

[Event "Late-Titled-Tuesday-Blitz-October-24-2023"]
[Site "Chess.com"]
[Date "2023.10.24"]
[Round "10"]
[White "ItalianMachine"]
[Black "NMJeevanK"]
[Result "1/2-1/2"]
[WhiteElo "2457"]
[BlackElo "2587"]
[TimeControl "180+1"]
[EndTime "15:55:22 PDT"]
[Termination "Game drawn by repetition"]

1. Nf3 c5 2. c4 Nc6 3. e3 b6 4. d4 cxd4 5. exd4 d5 6. cxd5 Qxd5 7. Nc3 Qd8 8. d5 Nb8 9. Ne5 Nf6 10. Bb5+ Bd7 11.
Nxd7 Nbxd7 12. O-O g6 13. Re1 Bg7 14. d6 e6 15. Bf4 O-O 16. Rc1 Rc8 17. Ba6 Rc5 18. b4 Rf5 19. Be3 Nd5 20. Ne4 Nxb4 21. Bc4 Nd5 22.
Bd2 Ne5 23. Bf1 h5 24. Qa4 a5 25. Qb3 Ng4 26. h3 Nxf2 27. Nxf2 Bd4 28. Re2 Qxd6 29.
Qd3 Nb4 30. Bxb4 Bxf2+ 31. Rxf2 Qxb4 32. Rxf5 exf5 33. Rc7 Qb2 34. Qd7 Qxa2 35. Bc4 Qa1+ 36. Kf2 Qb2+ 37. Kg1 Qa1+ 38. Kh2 Qe5+ 39. Kg1 Qa1+ 1/2-1/2

[Event "Late-Titled-Tuesday-Blitz-October-24-2023"]
[Site "Chess.com"]
[Date "2023.10.24"]
[Round "10"]
[White "Felix-Rose"]
[Black "Kostukov_Alex"]
[Result "1-0"]
[WhiteElo "2343"]
[BlackElo "2427"]
[TimeControl "180+1"]
[EndTime "15:55:22 PDT"]
[Termination "Felix-Rose won by resignation"]

1. e4 c5 2. Nf3 g6 3. d4 c4 4.
Bxc4 Bg7 5. O-O d5 6. Bxd5 Nf6 7. Nc3 Nxd5 8. Nxd5 Nc6 9. c3 O-O 10. h3 b6 11. Re1 Ba6 12. Qa4 Bb7 13. Bg5 h6 14. Bh4 g5 15. Bg3 e6 16. Nc7 Rc8 17. Nb5 Na5 18.
Nd6 Bc6 19. Qd1 Ra8 20. d5 exd5 21. exd5 Bd7 22. b4 Bxc3 23. bxa5 bxa5 24. Nb7 Qb6 25. Rb1 Qg6 26. Ne5 Qf5 27. Nd6 1-0

[Event "Late-Titled-Tuesday-Blitz-October-24-2023"]
[Site "Chess.com"]
[Date "2023.10.24"]
[Round "10"]
[White "HouseOfDurin"]
[Black "Willi_Skibbe"]
[Result "1/2-1/2"]
[WhiteElo "2296"]
[BlackElo "2207"]
[TimeControl "180+1"]
[EndTime "15:55:23 PDT"]
[Termination "Game drawn by repetition"]

1. d4 d5 2. Bg5 h6 3. Bh4 Bf5 4. e3 Nf6 5. Bxf6 exf6 6. Bd3 Bxd3 7. Qxd3 c6 8. Nd2 Bd6 9. c4 dxc4 10. Qxc4 O-O 11.
Ngf3 Nd7 12. O-O f5 13. g3 Qe7 14. a3 Nb6 15. Qd3 g6 16. b4 a6 17. Nb3 Nd5 18. Rfd1 h5 19. h4 Nf6 20. Nfd2 Ne4 21. Nc5 Rfe8 22. Rac1 a5 23. Kg2 axb4 24. axb4 Ra2 25. Rc2 Rea8 26. Rxa2 Rxa2 27. Ncxe4 fxe4 28. Qxe4 Qxe4+ 29. Nxe4 Bxb4 30. Rb1 Ra4 31. Kf3 Kg7 32. Ke2 b6 33. Rb2 c5 34. dxc5 bxc5 35. Rc2 Ra5 36. Kd3 f5 37. Nd6 Ra3+ 38. Kc4 Ra6 39. Nb7 Rc6 40. Kb5 Rc8 41. Nxc5 Bxc5 42. Rxc5 Rb8+ 43. Kc6 Rb2 44. Kd6 Rxf2 45. Ke6 Rf3 46. Rc7+ Kh6 47.
Kf6 Rxe3 48. Rc8 Kh7 49. Rc7+ Kh6 50. Rc8 Kh7 51. Rc7+ Kh6 1/2-1/2

[Event "Late-Titled-Tuesday-Blitz-October-24-2023"]
[Site "Chess.com"]
[Date "2023.10.24"]
[Round "10"]
[White "mishanick"]
[Black "MikaelyanArman"]
[Result "1-0"]
[WhiteElo "3048"]
[BlackElo "2917"]
[TimeControl "180+1"]
[EndTime "15:55:28 PDT"]
[Termination "mishanick won by resignation"]

1. d4 Nf6 2. c4 c5 3. d5 e6 4. Nc3 exd5 5. cxd5 d6 6. e4 g6 7. h3 Bg7 8. Nf3 O-O 9. Bd3 a6 10. a4 Nbd7 11. O-O Re8 12. Bf4 Nh5 13. Bh2 Ne5 14. Nxe5 Bxe5 15. Bxe5 Rxe5 16. f4 Re8 17. Qf3 Qf6 18. Rae1 c4 19. Bc2 b5 20. axb5 axb5 21. g4 b4 22. Nb5 Qxb2 23. Bb1 c3 24. Rf2 Qb3 25. Bc2 Qb2 26. Nxd6 Rd8 27. Nc4 Qa2 28. Bd3 Qa7 29. gxh5 b3 30. f5 c2 31. Kg2 Ba6 32. Ne5 Bxd3 33. Qxd3 Rac8 34. fxg6 hxg6 35. Rxf7 c1=N 36. Rxa7 Nxd3 37. Nxd3 Rc2+ 38. Kf3 Rc3 39. Ke3 b2 40. Rb7 Rc2 41. Rxb2 1-0

[Event "Late-Titled-Tuesday-Blitz-October-24-2023"]
[Site "Chess.com"]
[Date "2023.10.24"]
[Round "10"]
[White "PNEPaul"]
[Black "Elbebiber"]
[Result "1-0"]
[WhiteElo "1883"]
[BlackElo "2139"]
[TimeControl "180+1"]
[EndTime "15:55:31 PDT"]
[Termination "PNEPaul won on time"]

1. e4 d5 2. exd5 Nf6 3. d4 Nxd5 4. c4 Nb6 5. Nc3 e5 6. d5 Bb4 7. Nf3 O-O 8. Be2 Bxc3+ 9. bxc3 Bg4 10. O-O N8d7 11.
Ba3 Re8 12. c5 Nc8 13. c4 Qe7 14. Nd2 Bxe2 15. Qxe2 Nxc5 16. Ne4 b6 17. Nxc5 bxc5 18. Rfe1 Nb6 19. Rac1 Qd6 20. Qe3 Nd7 21. Bb2 f6 22. Bc3 Rab8 23. h4 Nb6 24. Qe2 Re7 25. Ba1 c6 26.
dxc6 Qxc6 27. Rc3 Rd8 28. Rg3 Kf8 29. Qh5 h6 30. Qg6 Qe8 31. Qh7 Qf7 32. Bxe5 Rde8 33. Bd6 Nc8 34. Bxe7+ Nxe7 35. Rge3 a5 36. Qc2 1-0

[Event "Late-Titled-Tuesday-Blitz-October-24-2023"]
[Site "Chess.com"]
[Date "2023.10.24"]
[Round "10"]
[White "Beca95"]
[Black "Duhless"]
[Result "0-1"]
[WhiteElo "2916"]
[BlackElo "3117"]
[TimeControl "180+1"]
[EndTime "15:55:32 PDT"]
[Termination "Duhless won by resignation"]

1. e4 e5 2. Nf3 Nc6 3. d4 exd4 4.
Nxd4 Nf6 5. Nxc6 bxc6 6. e5 Qe7 7. Qe2 Nd5 8. c4 Qb4+ 9. Nd2 Nf4 10. Qe3 Ng6 11. Bd3 Qb6 12. Qg3 Bb7 13. O-O O-O-O 14. Nf3 Be7 15. Be3 c5 16. Rab1 Qe6 17. Ng5 Bxg5 18.
Bxg5 f6 19. Bxg6 hxg6 20. exf6 gxf6 21. Be3 g5 22. Bxc5 f5 23. f3 f4 24. Qe1 Qc6 25. Bd4 Rhg8 26. h3 g4 27. hxg4 Rxg4 28. Rf2 Rh4 29.
Re2 Qh6 30. Kf1 Bxf3 31. gxf3 Rh1+ 32. Bg1 Qh3+ 33. Rg2 Qxf3+ 34. Rf2 Qd3+ 0-1

[Event "Late-Titled-Tuesday-Blitz-October-24-2023"]
[Site "Chess.com"]
[Date "2023.10.24"]
[Round "10"]
[White "victormago"]
[Black "falzehope0"]
[Result "1-0"]
[WhiteElo "2428"]
[BlackElo "2317"]
[TimeControl "180+1"]
[EndTime "15:55:40 PDT"]
[Termination "victormago won by resignation"]

1. d4 e6 2. c4 d5 3. Nc3 f5 4. Nf3 c6 5. Bg5 Be7 6. Bxe7 Nxe7 7. e3 Ng6 8. Bd3 O-O 9. Qc2 Na6 10. a3 Nc7 11.
O-O Nh4 12. Nxh4 Qxh4 13. f4 g5 14. g3 Qh6 15. fxg5 Qxg5 16. Rf4 Ne8 17. Raf1 Ng7 18. Qf2 Bd7 19. Ne2 Be8 20. Rh4 h5 21. Nf4 Bf7 22. Be2 Rfd8 23. Nd3 b6 24. Ne5 Rac8 25.
c5 Be8 26. b4 Rb8 27. Rc1 b5 28. Qf4 Qf6 29. Rf1 Ra8 30. Rh3 a5 31. g4 hxg4 32.
Bxg4 Ra7 33. Rh6 Qe7 34. Bd1 axb4 35. axb4 Ra2 36. Kh1 Ra1 37. Rg1 Rda8 38. Rh3 R8a7 39. Qh6 Bh5 40. Qxh5 Qh4 41. Qxh4 Kf8 42. Qh8+ Ke7 43.
Qxg7+ 1-0

[Event "Late-Titled-Tuesday-Blitz-October-24-2023"]
[Site "Chess.com"]
[Date "2023.10.24"]
[Round "10"]
[White "Andrei_Skvortsov"]
[Black "SpeedofLight0"]
[Result "1-0"]
[WhiteElo "2689"]
[BlackElo "2955"]
[TimeControl "180+1"]
[EndTime "15:55:43 PDT"]
[Termination "Andrei_Skvortsov won by checkmate"]

1. e4 c5 2. d4 cxd4 3. Qxd4 Nc6 4. Qd3 g6 5. Nc3 Bg7 6. Nf3 d6 7. Be2 Nf6 8. O-O O-O 9. Nd5 Nd7 10. c3 b6 11. Rd1 Bb7 12. Bg5 h6 13. Bh4 g5 14.
Bg3 Nc5 15. Qc2 a5 16. Rab1 a4 17. b4 axb3 18. axb3 Ra3 19. Ne3 Na5 20. Nd2 Qa8 21.
Nd5 Bxd5 22. exd5 Qxd5 23. Nc4 Qe4 24. Nxa3 Qxc2 25. Nxc2 Naxb3 26. Nd4 Nxd4 27. cxd4 Ne4 28. Rxb6 Nc3 29. Re1 Bxd4 30. Rb7 Bf6 31. h4 gxh4 32. Bf4 Kg7 33. Bf3 Rc8 34. Kh2 Rc4 35. Bd2 Na4 36. Rbxe7 Bxe7 37. Rxe7 Kg6 38. Be3 Nc3 39. Rd7 d5 40. Rd6+ f6 41. Bxd5 Ra4 42. Bf3 Rc4 43. Rd4 Rc7 44. Rg4+ Kf5 45. Rxh4 Ke6 46.
Rxh6 Na4 47. Rh4 Nb2 48. Re4+ Kf5 49. Rf4+ Kg6 50. Rd4 Nc4 51. Bf4 Rc8 52. Be2 Nb6 53.
Bd3+ Kf7 54. Rb4 Nd5 55. Bc4 Rc5 56. Bxd5+ Rxd5 57. Be3 Kg6 58. Kg3 Rh5 59. Kf3 Rf5+ 60. Rf4 Ra5 61. g4 f5 62. gxf5+ Kf6 63. Bd4+ Kg5 64. f6 Ra3+ 65. Be3 Kh5 66. f7 Ra6 67. f8=Q Rf6 68. Qh8+ Rh6 69. Qxh6+ Kxh6 70. Rg4+ Kh5 71. Kf4 Kh6 72. Bd2 Kh5 73. Be1 Kh6 74. Kf5 Kh5 75. Re4 Kh6 76. Re7 Kh5 77. Rh7# 1-0

[Event "Late-Titled-Tuesday-Blitz-October-24-2023"]
[Site "Chess.com"]
[Date "2023.10.24"]
[Round "10"]
[White "Miguelitro69"]
[Black "Maluco_do_Natal_00"]
[Result "1-0"]
[WhiteElo "2272"]
[BlackElo "2032"]
[TimeControl "180+1"]
[EndTime "15:55:44 PDT"]
[Termination "Miguelitro69 won on time"]

1. e4 c5 2. Nf3 Nc6 3. d4 cxd4 4. Nxd4 Nf6 5. Nc3 e5 6. Ndb5 d6 7. Bg5 a6 8. Na3 b5 9. Nd5 Be7 10. Bxf6 Bxf6 11. Be2 O-O 12. O-O Bg5 13. g3 Bh3 14. Re1 Be6 15. c3 Ne7 16. Nc2 Nxd5 17. exd5 Bd7 18. h4 Bh6 19. Qd3 f5 20. Nb4 f4 21. Nc6 Qb6 22. g4 g6 23. h5 Kg7 24.
Kg2 Rae8 25. Bf3 Bg5 26. Rh1 Bxc6 27. dxc6 e4 28. Bxe4 f3+ 29. Bxf3 Rf4 30. hxg6 hxg6 31. Rh3 Ref8 32. Qxd6 R4f6 33. Qd4 Qc7 34. Rah1 1-0

[Event "Late-Titled-Tuesday-Blitz-October-24-2023"]
[Site "Chess.com"]
[Date "2023.10.24"]
[Round "10"]
[White "Nikita_Klepikov"]
[Black "balachess2006"]
[Result "0-1"]
[WhiteElo "2363"]
[BlackElo "2572"]
[TimeControl "180+1"]
[EndTime "15:55:49 PDT"]
[Termination "balachess2006 won by resignation"]

1. e4 c5 2. Nf3 Nc6 3. d4 cxd4 4. Nxd4 Nf6 5. Nc3 d6 6. Be2 g6 7. O-O Bg7 8. Be3 O-O 9. f4 Bd7 10. Nb3 a5 11. a3 a4 12. Nd2 Na5 13. Qe1 Ng4 14.
Bxg4 Bxg4 15. f5 gxf5 16. exf5 e6 17. f6 Bxf6 18. Qg3 h5 19. h3 Bh4 20. Qf4 Bf5 21.
Nce4 d5 22. Ng3 Bg6 23. Nf3 Bf6 24. Ne5 Bg7 25. Bc5 Qc7 26. Bd4 Nc6 27. Nxc6 Qxf4 28.
Ne7+ Kh7 29. Rxf4 e5 30. Rh4 Bf6 31. Nxg6 fxg6 32. Bc5 Bxh4 33. Bxf8 Rxf8 34. Ne2 Rf2 35. Nc3 d4 36. Nxa4 Rxc2 37. b4 d3 38. Nc5 d2 39. Nb3 e4 40. Kf1 Rb2 41. Nd4 Bf6 42. Ne2 Rb3 43. Rc1 dxc1=Q+ 0-1

[Event "Late-Titled-Tuesday-Blitz-October-24-2023"]
[Site "Chess.com"]
[Date "2023.10.24"]
[Round "10"]
[White "Mykola-Bortnyk"]
[Black "NateSolon"]
[Result "0-1"]
[WhiteElo "2923"]
[BlackElo "2682"]
[TimeControl "180+1"]
[EndTime "15:55:52 PDT"]
[Termination "NateSolon won by resignation"]

1. e4 c5 2. c3 Nf6 3. e5 Nd5 4.
Bc4 Nb6 5. Bb3 d5 6. d4 cxd4 7. cxd4 Nc6 8. Nc3 Bf5 9. Nge2 h6 10.
Ng3 Bg6 11. e6 fxe6 12. Qg4 Bf7 13. h4 e5 14. dxe5 Nxe5 15. Qe2 Nec4 16. O-O e6 17. Rd1 Be7 18. a4 a5 19. Nxd5 exd5 20. Nf5 Kf8 21. Bxc4 Nxc4 22. b3 Nd6 23. Nd4 Bf6 24. Ba3 Kg8 25.
Rac1 Ne4 26. Nf5 Qb6 27. Rd3 Re8 28. Re3 Bg6 29. Qg4 Bxf5 30. Qxf5 Qe6 31. Qxe6+ Rxe6 32. Rd1 d4 33. Ree1 Kf7 34. Bb2 Rd8 35. Rc1 Bxh4 36. Rc7+ Kg6 37. g3 Bf6 38. f3 Ng5 39. Rxe6 Nxe6 40.
Rxb7 d3 41. Bc1 d2 42. Bxd2 Rxd2 43. Rb5 Nd4 44. Rxa5 Nxf3+ 45. Kf1 Bd4 0-1

[Event "Late-Titled-Tuesday-Blitz-October-24-2023"]
[Site "Chess.com"]
[Date "2023.10.24"]
[Round "10"]
[White "GiorgianBarbosa"]
[Black "jcmesafischer"]
[Result "1-0"]
[WhiteElo "2439"]
[BlackElo "2324"]
[TimeControl "180+1"]
[EndTime "15:55:57 PDT"]
[Termination "GiorgianBarbosa won on time"]

1. e4 c5 2. Nf3 d6 3. d4 cxd4 4. Nxd4 Nf6 5. Nc3 a6 6. Bg5 e6 7.
f4 Be7 8. Qf3 Qc7 9. O-O-O Nbd7 10. g4 b5 11. h4 b4 12. Nd5 exd5 13. exd5 Bb7 14. Nf5 Rc8 15. Rh2 h6 16. Qe3 Nb6 17. Bxf6 gxf6 18. Nxe7 Qxe7 19. Qxb6 Kf8 20. Qxb4 Kg7 21.
Bd3 Qe3+ 22. Kb1 Bxd5 23. Re2 Qa7 24. g5 Qc5 25. gxf6+ Kxf6 26. Qd2 Rb8 27. b3 a5 28. Be4 Be6 29. Qxd6 Qxd6 30. Rxd6 a4 31. f5 axb3 32. fxe6 bxa2+ 33. Kxa2 fxe6 34. Bd5 Rb5 35. Rdxe6+ Kf5 36. Bb3 1-0

[Event "Late-Titled-Tuesday-Blitz-October-24-2023"]
[Site "Chess.com"]
[Date "2023.10.24"]
[Round "10"]
[White "nochewycandy"]
[Black "Apocalyps999"]
[Result "1/2-1/2"]
[WhiteElo "2782"]
[BlackElo "2387"]
[TimeControl "180+1"]
[EndTime "15:56:02 PDT"]
[Termination "Game drawn by agreement"]

1. e4 e5 2. Nf3 Nc6 3. Bb5 a6 4.
Ba4 Nf6 5. O-O Be7 6. d3 b5 7.
Bb3 O-O 8. a4 b4 9. a5 d5 10.
exd5 Nxd5 11. Nbd2 Nf6 12. h3 Bf5 13. Qe2 Bd6 14.
Ne4 Be7 15. Bg5 h6 16. Bxf6 Bxf6 17. Rfe1 Bg6 18. Qe3 Be7 19. Ned2 Bd6 20. Nc4 Qf6 21. Nh2 Nd4 22. Ng4 Qd8 23. Ncxe5 Nxb3 24. cxb3 Bf5 25.
d4 Re8 26. Qf3 Be6 27. d5 Bxg4 28. Qxf7+ Kh8 29. Ng6+ Kh7 30. hxg4 Rxe1+ 31. Rxe1 Qg5 32. Ne7 Qxg4 33. Qf5+ Qxf5 34. Nxf5 Rb8 35. Re4 Rb5 36. Nxd6 cxd6 37. g3 Rxd5 38. Rxb4 Rxa5 39. Rb6 d5 40. Rd6 Rb5 41. Rxa6 Rxb3 42. Rd6 Rb5 43. b4 Kg8 44. Kg2 Kf7 45. Kf3 Ke7 46. Rg6 Kf7 47. Rd6 1/2-1/2

[Event "Late-Titled-Tuesday-Blitz-October-24-2023"]
[Site "Chess.com"]
[Date "2023.10.24"]
[Round "10"]
[White "WPWPWP-2015"]
[Black "DvaHrasta"]
[Result "1-0"]
[WhiteElo "2602"]
[BlackElo "2498"]
[TimeControl "180+1"]
[EndTime "15:56:04 PDT"]
[Termination "WPWPWP-2015 won on time"]

1. e4 c6 2. d4 d5 3. e5 c5 4. Nf3 Nc6 5. c4 Bg4 6. cxd5 Bxf3 7. Qxf3 Nxd4 8. Qe4 f5 9. Qf4 Qxd5 10. Bd3 Qxg2 11.
Rf1 g5 12. Qe3 Qxh2 13. Nc3 Qxe5 14. Qxe5 Nf3+ 15. Ke2 Nxe5 16. Bxf5 Nh6 17. Be6 Rd8 18. Nb5 Rd6 19. Nxd6+ exd6 20. Bxg5 Nhf7 21. Bf6 Rg8 22. Bxe5 dxe5 23. Rg1 Rg6 24. Rxg6 hxg6 25. Rg1 g5 26. Bxf7+ Kxf7 27. Rxg5 Bg7 28. b3 b5 29. Kd3 Bf6 30. Rh5 Ke6 31. Ke4 c4 32. bxc4 bxc4 33. Rh3 Be7 34.
Rc3 Bc5 35. f3 Kd6 36. Rxc4 Bb6 37. a4 Bg1 38. Rc8 Bf2 39. Re8 Kc5 40. Rxe5+ Kb4 41. a5 a6 42. f4 Be1 43. f5 Ka4 44. f6 1-0